 Seeded DCSS version 0.30.0-19-g36f170ea60 (webtiles) character file.

Game seed: 10347578332119173750 (custom seed)

2297 bmack86 the Cleaver (level 9, -3/74 HPs)
             Began as a Minotaur Fighter on May 29, 2023.
             Slain by a two-headed ogre
             ... wielding a +0 giant club
              (25 damage)
             ... on level 6 of the Dungeon.
             The game lasted 00:14:29 (5108 turns).

bmack86 the Cleaver (Minotaur Fighter)              Turns: 5108, Time: 00:14:29

Health: -3/74      AC: 12    Str: 25    XL:     9   Next: 17%
Magic:  8/8        EV:  7    Int:  5    God:
Gold:   352        SH: 12    Dex: 10    Spells: 8/8 levels left

rFire   . . .        a - +0 war axe
rCold   . . .        w - +0 tower shield
rNeg    . . .        b - +0 scale mail
rPois   +            (helmet restricted)
rElec   .            (no cloak)
rCorr   .            t - +0 pair of gloves
SInv    .            (no boots)
Will    .....        (no amulet) Stlth
                     e - +4 ring of protection
HPRegen 0.32/turn    x - ring of poison resistance
MPRegen 0.11/turn

%: no passive effects
@: studying Dodging
A: horns 2, retaliatory headbutt
a: no special abilities


You were on level 6 of the Dungeon.
You visited 1 branch of the dungeon, and saw 6 of its levels.

You collected 352 gold pieces.

Inventory:

Hand Weapons
 a - a +0 war axe (weapon)
Missiles
 o - 4 boomerangs (quivered)
Armour
 b - a +0 scale mail (worn)
 c - a +1 buckler
 t - a +0 pair of gloves (worn)
 w - a +0 tower shield (worn)
Jewellery
 e - a +4 ring of protection (left hand)
 j - a +6 ring of dexterity
 x - a ring of poison resistance (right hand)
Wands
 m - a wand of roots (14)
 s - a wand of acid (27)
 u - a wand of flame (20)
 y - a wand of mindburst (13)
Scrolls
 f - a scroll of blinking
 h - a scroll of enchant armour
 i - a scroll of fear
 n - a scroll of magic mapping
 p - a scroll of noise
Potions
 d - 2 potions of might
 g - 2 potions of resistance
 k - a potion of degeneration {unknown}
 l - a potion of haste {unknown}
 q - 2 potions of attraction
 r - a potion of curing


   Skills:
 - Level 5.0 Fighting
 + Level 13.4 Axes
 - Level 5.0 Armour
 - Level 4.9 Shields


You had 8 spell levels left.
You didn't know any spells.
Your spell library contained the following spells:

 Spells                   Type           Power      Damage    Failure   Level
 Cigotuvi's Dreadful Rot  Necr/Pois/Air  0%         N/A       100%        2
 Dispel Undead            Necr           0%         3d6       100%        4
 Death Channel            Necr           0%         N/A       100%        6


Dungeon Overview and Level Annotations

Branches:
Dungeon (6/15)
 Temple: D:4-7

Altars:
Fedhas
Nemelex Xobeh

Shops:
D:1 =*!   D:5 (   D:6 *=[

Annotations:
D:6 2 transporters, sampeng1's ghost, novice HuBe


Innate Abilities, Weirdness & Mutations

You have a pair of horns on your head.
You reflexively headbutt those who attack you in melee.


Message History

You kill the ufetubus!
The ufetubus disappears in a puff of smoke!
You hit the ice devil.
You hit the two-headed ogre but do no damage.
You barely miss the shadow imp.
The kobold demonologist casts a cantrip, but nothing happens.
You block the two-headed ogre's attack. x2
The crimson imp summons a swarm of flies.
The crimson imp blinks!
The shadow imp barely misses you. The ice devil hits you.
The ice devil freezes you!!
You hit the kobold demonologist.
The kobold demonologist is moderately wounded.
You hit the ice devil but do no damage. You hit the two-headed ogre.
You barely miss the shadow imp. You slash the wight!
The kobold demonologist hits you with a +0 flail.
The shadow imp gestures at you. Pain shoots through your body!
* * * LOW HITPOINT WARNING * * *
The wight hits you but does no damage. The ice devil barely misses you.
You block the two-headed ogre's attack. x2
You slash the kobold demonologist!
The kobold demonologist is heavily wounded.
You hit the shadow imp but do no damage.
You hit the wight. You hit the ice devil but do no damage.
You barely miss the two-headed ogre.
The kobold demonologist gestures wildly while chanting.
The shadow imp hits you but does no damage.
The wight hits you with a +4 flail.
* * * LOW HITPOINT WARNING * * *
The ice devil closely misses you.
You closely miss the kobold demonologist.
You headbutt the kobold demonologist!
The kobold demonologist is severely wounded.
You hit the ice devil but do no damage. You slash the two-headed ogre!
You barely miss the shadow imp. You hit the wight but do no damage.
The shadow imp disappears in a puff of smoke!
The kobold demonologist drinks a potion.
The kobold demonologist is healed!
The two-headed ogre hits you with a +0 giant club!!
You die...

######.......# #........,,,,*
.....#.......###....#...,**,*
.....#.^................,**,*
.....#..................,**,*
.....#.....<............,,,,*****
#########.###..........#,,,,,,,,,
#.# ####5..####.,,,>,,,*, #.#
#zO.# ****,,,,,*, #########.###
#@K3# *,*,,***
............####4§.####***,*,,*
..................55....,,,,,,**
#∩..........####...#####,,,,,,,*
#...........# #...# **,,,,,**
#.########### #...#*****,***,*
#.# #.....,,,,,,,,,* #.#
********#...##.***,***** #.#
*,,,,,,,..###*,#**,****


You could see a soul eater (summoned), a two-headed ogre, an ice devil
(summoned), a kobold demonologist, a wight, a crimson imp (summoned) and 2
ufetubi.

Vanquished Creatures
  Prince Ribbit (D:5)
  Sigmund (D:4)
  Eustachio (D:4)
  Menkaure (D:4)
  A water moccasin (D:5)
  A black bear (D:5)
  An ice beast (D:5)
  A centaur (D:5)
  A phantom (D:6)
  A bullfrog (D:4)
  A scorpion (D:5)
  10 wights
  A howler monkey (D:4)
  An orc priest (D:6)
  5 hounds (D:5)
  A jelly (D:5)
  Ijyb (D:5)
  An iguana (D:5)
  5 orc wizards
  3 gnolls (D:2)
  6 adders
  3 dart slugs
  15 orcs
  5 ball pythons
  6 endoplasms
  2 giant cockroaches
  4 goblins
  2 hobgoblins
  5 quokkas
  5 bats
  5 frilled lizards
  2 kobolds
  8 rats
  A spectral goblin (D:3)
108 creatures vanquished.

Notes
Turn   | Place    | Note
-------+----------+-------------------------------------------
     0 | D:1      | bmack86 the Minotaur Fighter began the quest for the Orb.
     0 | D:1      | Reached XP level 1. HP: 19/19 MP: 0/0
    54 | D:1      | Found Wuzoy's Jewellery Shop.
   151 | D:1      | Found Juiso's Distillery.
   248 | D:1      | Reached XP level 2. HP: 27/27 MP: 1/1
   528 | D:1      | Found Okusif's Assorted Antiques.
   693 | D:2      | Found a blossoming altar of Fedhas.
   805 | D:2      | Reached skill level 3 in Axes
   805 | D:2      | Reached XP level 3. HP: 30/33 MP: 2/2
   931 | D:2      | Reached XP level 4. HP: 29/41 MP: 3/3
  1354 | D:3      | Found a faded altar of an unknown god.
  1611 | D:3      | Found a sparkling altar of Nemelex Xobeh.
  1687 | D:3      | Reached XP level 5. HP: 37/47 MP: 4/4
  2023 | D:4      | Reached skill level 5 in Fighting
  2023 | D:4      | Reached skill level 4 in Axes
  2023 | D:4      | Reached skill level 5 in Armour
  2043 | D:4      | Reached XP level 6. HP: 56/56 MP: 5/5
  2045 | D:4      | Noticed Sigmund
  2052 | D:4      | Killed Sigmund
  2053 | D:4      | Reached skill level 6 in Axes
  2410 | D:4      | Noticed Eustachio
  2438 | D:4      | Killed Eustachio
  2439 | D:4      | Reached skill level 7 in Axes
  2439 | D:4      | Reached XP level 7. HP: 7/61 MP: 6/6
  2885 | D:4      | Noticed Menkaure
  2893 | D:4      | Killed Menkaure
  2894 | D:4      | Reached skill level 8 in Axes
  3169 | D:5      | Entered Level 5 of the Dungeon
  3199 | D:5      | Found Ecuec's Weapon Shop.
  3216 | D:5      | Reached skill level 9 in Axes
  3319 | D:5      | Reached XP level 8. HP: 63/68 MP: 7/7
  3387 | D:5      | Noticed Ijyb
  3402 | D:5      | Killed Ijyb
  3612 | D:5      | Noticed Prince Ribbit
  3628 | D:5      | Killed Prince Ribbit
  3629 | D:5      | Reached skill level 10 in Axes
  3845 | D:5      | Reached skill level 11 in Axes
  4391 | D:5      | Reached skill level 12 in Axes
  4690 | D:6      | Reached XP level 9. HP: 71/73 MP: 8/8
  4695 | D:6      | Found Diotaol's Armour Shoppe.
  4751 | D:6      | Noticed a toenail golem
  4820 | D:6      | Noticed sampeng1's ghost (novice HuBe)
  4845 | D:6      | Found a transporter.
  4845 | D:6      | Found a transporter.
  4892 | D:6      | Reached skill level 13 in Axes
  4910 | D:6      | Found Yzaasm's Assorted Antiques.
  4977 | D:6      | Found Orototh's Jewellery Shoppe.
  5093 | D:6      | Noticed a kobold demonologist
  5097 | D:6      | Noticed a two-headed ogre
  5103 | D:6      | Noticed a soul eater
  5105 | D:6      | Noticed an ice devil
  5108 | D:6      | Slain by a two-headed ogre

Illustrated notes

Levels and vault maps discovered:
D:1:      saegor_arrival_simple_d, layout_loops_ring, serial_shops, shop,
          nicolae_shop_statue_plus, shop, st_stairs_8
D:2:      layout_basic, basic_altar
D:3:      layout_loops_ring, mainiacjoe_overflow_24_doors,
          dreamdust_ecumenical_altar_drowned_temple
D:4:      layout_basic, uniq_menkaure, uniq_sigmund, uniq_eustachio
D:5:      layout_gridville, serial_shops, nicolae_shop_waterfront,
          nicolae_underground_beach, uniq_ijyb, uniq_prince_ribbit1
D:6:      minmay_cornered_nines, layout_basic, serial_shops, shop, shop,
          kennysheep_mini, gammafunk_ghost_abyssal_escape

Skill      XL: |  1  2  3  4  5  6  7  8  9 |
---------------+----------------------------+-----
Fighting       | 4 5 |  5.0
Axes           | 3 4 7 9 12 13 | 13.4
Armour         | 4 5 |  5.0
Shields        | 4 |  4.9

Action                     |  1- 3 |  4- 6 |  7- 9 || total
---------------------------+-------+-------+-------++-------
  Melee: War axe           |    47 |   114 |   134 ||   295
         Headbutt          |     6 |    14 |    34 ||    54
  Throw: Boomerang         |       |     3 |     7 ||    10
    Use: Scroll            |       |     3 |     5 ||     8
 Armour: Scale mail        |    22 |    39 |    53 ||   114
  Dodge: Dodged            |    24 |    51 |    55 ||   130
  Block: Buckler           |    12 |    32 |    11 ||    55
         Tower shield      |       |       |   106 ||   106
